 Dungeon Crawl Stone Soup version 0.31-a0-426-g3a05650e59 (webtiles) character file.

Game seed: 8953059099498163478

371 RepHenryClay the Magician (level 7, -2/45 HPs)
             Began as a Djinni Fire Elementalist on July 30, 2023.
             Slain by a scorpion (5 damage)
             ... on level 4 of the Dungeon on July 31, 2023.
             The game lasted 00:06:20 (2854 turns).

RepHenryClay the Magician (DjFE)                    Turns: 2854, Time: 00:06:22

Health: -2/45      AC:  2    Str:  6 (7)  XL:     7   Next: 2%
Gold:   136        EV: 17    Int: 18 (19) God:
                   SH:  0    Dex: 11 (13)

rFire   + + .        (no weapon)
rCold   x . .        (no shield)
rNeg    + . .        a - +0 robe
rPois   ∞            (no helmet)
rElec   .            (no cloak)
rCorr   .            (no gloves)
SInv    .            (boots unavailable)
Will    .....        (no amulet)
Stlth   ++           f - ring of positive energy
HPRegen 0.27/turn    j - +5 ring of evasion
MPRegen 0.00/turn

%: infuse magic (-3 HP)
@: flying
A: sickness immunity, fire resistance 2, cold vulnerability 1, float, innate
caster, HP casting, extra vitality 1
a: no special abilities


You were on level 4 of the Dungeon.
You visited 1 branch of the dungeon, and saw 6 of its levels.

You collected 136 gold pieces.

Inventory:

Missiles
 m - a throwing net
Armour
 a - a +0 robe (worn)
Jewellery
 d - a ring of protection from fire
 f - a ring of positive energy (left hand)
 j - a +5 ring of evasion (right hand)
Scrolls
 b - a scroll of revelation {unknown}
 c - a scroll of teleportation
 g - a scroll of poison {unknown}
 h - a scroll of vulnerability {unknown}
 l - a scroll of amnesia {unknown}


   Skills:
 - Level 2.1 Dodging
 - Level 1.5 Stealth
 + Level 5.8 Spellcasting
 + Level 5.8 Conjurations
 + Level 5.8 Hexes
 + Level 5.8 Summonings
 + Level 5.8 Necromancy
 + Level 5.8 Translocations
 + Level 5.8 Transmutations
 + Level 5.8 Fire Magic
 + Level 5.8 Ice Magic
 + Level 5.8 Air Magic
 + Level 5.8 Earth Magic
 + Level 5.8 Poison Magic


You knew the following spells:

 Your Spells              Type           Power      Damage    Failure   Level
a - Foxfire               Conj/Fire      100%       2x1d9     1%          1
b - Scorch                Fire           52%        2d7       1%          2
c - Volatile Blastmotes   Fire/Tloc      52%        2d14      3%          3
d - Inner Flame           Hex/Fire       26%        N/A       3%          3
e - Flame Wave            Conj/Fire      26%        2d8       11%         4
f - Necrotise             Necr           100%       1d9       1%          1
g - Searing Ray           Conj           52%        2d6       1%          2
h - Ensorcelled Hibernat  Hex/Ice        52%        N/A       1%          2
Your spell library was empty.

Dungeon Overview and Level Annotations

Branches:
Dungeon (6/15)
 Temple: D:4-7

Altars:


Innate Abilities, Weirdness & Mutations

You are immune to sickness and miasma.
You are immune to poison.
Your flesh is very heat resistant. (rF++)
You are vulnerable to cold. (rC-)
You float through the air rather than walking.
You learn spells naturally, not from books.
Your magical power is your life essence.
You have superior vitality. (+4 MHP)


Message History

The scorpion closely misses you.
Damage: -5%(-2hp) hp: 20%(9hp)
Casting: Scorch (safe; 1% risk of failure)
Confirm with . or Enter, or press ? or * to list all spells.
Okay, then.
The scorpion attacks as you move away! The scorpion stings you.
* * * LOW HITPOINT WARNING * * *
Damage: -2%(-1hp) hp: 18%(8hp)
Casting: Scorch (safe; 1% risk of failure)
Confirm with . or Enter, or press ? or * to list all spells.
You conjure some foxfire!
* * * LOW HITPOINT WARNING * * *
The scorpion misses you.
Damage: -2%(-1hp) hp: 16%(7hp) Unknown command.
The scorpion is no longer more vulnerable to fire.
The foxfire hits the scorpion.
The scorpion is severely wounded.
The foxfire hits the scorpion.
The scorpion is severely wounded.
The scorpion misses you.
Casting: Foxfire (safe; 1% risk of failure)
Confirm with . or Enter, or press ? or * to list all spells.
You conjure some foxfire!
* * * LOW HITPOINT WARNING * * *
The scorpion stings you.
* * * LOW HITPOINT WARNING * * *
Huge Dmg: -7%(-3hp) hp: 9%(4hp)
The foxfire hits the kobold!
You kill the kobold!
The foxfire hits the scorpion but does no damage.
The scorpion is severely wounded.
Casting: Foxfire (safe; 1% risk of failure)
Confirm with . or Enter, or press ? or * to list all spells.
Flames lash the scorpion.
The scorpion is almost dead.
The scorpion's fire resistance burns away.
* * * LOW HITPOINT WARNING * * *
The scorpion stings you.
You die...

# #. #. # ##+######
#.# .# ##...##...
#..####.# ##.....#.#
#.......###........#
#.@s.####.........#
#.§.....'..)......+
#.§.)####......?..#
#.#.## ##........##
#..### ##.....#...
.... ##...#####
.##.# ##'## # #. .#
.#


You could see a scorpion (combustible).

Vanquished Creatures
  Blork the orc (D:4)
  4 orc priests
  Terence (D:3)
  An orc wizard (D:4)
  5 gnolls
  An adder (D:3)
  A shadow imp (D:6)
  A worm (D:3)
  A dart slug (D:2)
  5 orcs
  A ball python (D:3)
  3 endoplasms
  3 giant cockroaches
  6 goblins
  4 hobgoblins (D:1)
  4 jackals (D:1)
  3 quokkas (D:1)
  4 bats (D:1)
  5 frilled lizards
  7 kobolds
  7 rats
68 creatures vanquished.

Vanquished Creatures (others)
  219 foxfires
219 creatures vanquished.

Grand Total: 287 creatures vanquished

Notes
Turn   | Place    | Note
-------+----------+-------------------------------------------
     0 | D:1      | RepHenryClay the Djinni Fire Elementalist began the quest
                  | for the Orb.
     0 | D:1      | RepHenryClay set off with the following spells memorised:
                  | Foxfire, Scorch, Volatile Blastmotes, Inner Flame, Flame
                  | Wave.
     0 | D:1      | Reached XP level 1. HP: 15/15 MP: 0/0
    43 | D:1      | Reached XP level 2. HP: 17/21 MP: 0/0
   453 | D:1      | Reached XP level 3. HP: 23/25 MP: 0/0
   453 | D:1      | Learned a level 1 spell: Necrotise
  1573 | D:3      | Reached XP level 4. HP: 19/31 MP: 0/0
  1638 | D:3      | Reached XP level 5. HP: 34/35 MP: 0/0
  1638 | D:3      | Learned a level 2 spell: Searing Ray
  2138 | D:3      | Noticed Terence
  2145 | D:3      | Killed Terence
  2146 | D:3      | Reached skill level 5 in Spellcasting
  2146 | D:3      | Reached skill level 5 in Conjurations
  2146 | D:3      | Reached skill level 5 in Hexes
  2146 | D:3      | Reached skill level 5 in Summonings
  2146 | D:3      | Reached skill level 5 in Necromancy
  2146 | D:3      | Reached skill level 5 in Translocations
  2146 | D:3      | Reached skill level 5 in Transmutations
  2146 | D:3      | Reached skill level 5 in Fire Magic
  2146 | D:3      | Reached skill level 5 in Ice Magic
  2146 | D:3      | Reached skill level 5 in Air Magic
  2146 | D:3      | Reached skill level 5 in Earth Magic
  2146 | D:3      | Reached skill level 5 in Poison Magic
  2146 | D:3      | Reached XP level 6. HP: 33/40 MP: 0/0
  2184 | D:3      | You are sucked into a shaft and drop 3 floors!
  2239 | D:6      | Noticed an ice beast
  2240 | D:5      | Entered Level 5 of the Dungeon
  2722 | D:4      | Noticed Blork the orc
  2840 | D:4      | Killed Blork the orc
  2841 | D:4      | Reached XP level 7. HP: 12/45 MP: 0/0
  2841 | D:4      | Learned a level 2 spell: Ensorcelled Hibernation
  2854 | D:4      | Slain by a scorpion

Illustrated notes

Levels and vault maps discovered:
D:1:      orjb1_lava_funnel, layout_loops_ring, serial_forest,
          infiniplex_forest_corner_2, infiniplex_forest_lined_corner,
          infiniplex_forest_diagonal, infiniplex_forest_lined_2
D:2:      layout_basic, chequers_serial_rivers_large_b, minmay_tiny_reverse_x
D:3:      layout_loops_cross, mainiacjoe_overflow_24_doors, serial_park_tiny_1,
          serial_park_tiny_pond, minivault_4, st_stairs_2, uniq_terence,
          uniq_robin
D:4:      layout_loops_corners, uniq_natasha, uniq_blork_the_orc
D:5:      layout_layer_cave, kennysheep_mini, grunt_temple_overflow_open,
          minivault_5
D:6:      layout_layer_cave, minmay_temple_entry_grid, hangedman_decor_opposing

Skill      XL: |  1  2  3  4  5 |
---------------+----------------+-----
Spellcasting   | 4 5 |  5.8
Conjurations   | 4 5 |  5.8
Hexes          | 4 5 |  5.8
Summonings     | 4 5 |  5.8
Necromancy     | 4 5 |  5.8
Translocations | 4 5 |  5.8
Transmutations | 4 5 |  5.8
Fire Magic     | 4 5 |  5.8
Ice Magic      | 4 5 |  5.8
Air Magic      | 4 5 |  5.8
Earth Magic    | 4 5 |  5.8
Poison Magic   | 4 5 |  5.8
Dodging        | |  2.1
Stealth        | |  1.5

Action                     |  1- 3 |  4- 6 |  7- 9 || total
---------------------------+-------+-------+-------++-------
  Melee: Unarmed           |       |     4 |       ||     4
   Cast: Foxfire           |    72 |    61 |     2 ||   135
         Scorch            |       |    10 |     2 ||    12
         Searing Ray       |       |     1 |       ||     1
         Volatile Blastmot |       |     1 |       ||     1
    Use: Potion            |       |     5 |       ||     5
         Scroll            |       |     1 |       ||     1
 Armour: Robe              |     4 |     5 |     1 ||    10
         Skin              |       |     1 |       ||     1
  Dodge: Dodged            |    11 |    33 |     6 ||    50

Table legend: (Time is in decaauts)
 A = Elapsed time spent in this place.
 B = Non-inter-level travel time spent in this place.
 C = Inter-level travel time spent in this place.
 D = Time resting spent in this place.
 E = Time spent auto-exploring this place.
 F = Levels seen in this place.
 G = Mean time per level.
                   A        B        C        D        E       F      G
               +--------+--------+--------+--------+--------+-----+--------+
         Total |   2850 |   2803 |     47 |    208 |   2102 |   6 |  475.0 |
       Dungeon |   2850 |   2803 |     47 |    208 |   2102 |   6 |  475.0 |
               +--------+--------+--------+--------+--------+-----+--------+

Top non-repeatable levels by time:
     D:1: 935 daAuts
     D:3: 680 daAuts
     D:2: 566 daAuts
     D:4: 402 daAuts
     D:5: 210 daAuts
     D:6: 55 daAuts
